 Dungeon Crawl Stone Soup version 0.30-a0-335-ge5acde7520 (webtiles) character file.

Game seed: 11598096203482348466

812 oldriver the Trooper (level 7, 0/68 (76) HPs)
             Began as an Ogre Transmuter on Oct 30, 2022.
             Slain by a necrophage (3 damage)
             ... on level 4 of the Dungeon.
             The game lasted 00:04:37 (2497 turns).

oldriver the Trooper (Ogre Transmuter)              Turns: 2497, Time: 00:04:38

HP:   0/68 (76)     AC:  3    Str: 14    XL:     7   Next: 93%
MP:   15/15         EV: 10    Int: 15    God:
Gold: 177           SH:  0    Dex: 13    Spells: 14/17 levels left

rFire   . . .      SeeInvis .      - Unarmed
rCold   . . .      Faith    .    (no shield)
rNeg    . . .      Spirit   .    a - +0 robe
rPois   .          Reflect  .    (helmet currently unavailable)
rElec   .          Harm     .    (no cloak)
rCorr   .          Rampage  .    (gloves unavailable)
Will    .....                    (boots unavailable)
Stlth   +.........               (no amulet)
HPRegen 0.31/turn                (no ring)
MPRegen 0.14/turn                (no ring)

@: appendages, heavily drained
A: horns 2, talons 2, large, unfitting armour, tough skin 1, agile 1
a: End Transformation


You were on level 4 of the Dungeon.
You had temporarily grown beastly horns and talons.
You visited 1 branch of the dungeon, and saw 4 of its levels.

You collected 177 gold pieces.

Inventory:

Hand Weapons
 h - a +0 whip of freezing
Armour
 a - a +0 robe (worn)
Scrolls
 b - a scroll of poison {unknown}
 d - 3 scrolls of vulnerability {unknown}
 e - a scroll of fog {unknown}
 f - a scroll of noise {unknown}
 g - 4 scrolls of identify {unknown}
 j - a scroll of enchant weapon {unknown}
 l - 3 scrolls of magic mapping {unknown}
Potions
 c - 2 potions of haste


   Skills:
 * Level 6.4 Fighting
 - Level 2.0 Dodging
 - Level 3.0 Unarmed Combat
 * Level 5.7 Spellcasting
 * Level 4.7 Transmutations


You had 14 spell levels left.
You knew the following spells:

 Your Spells              Type           Power      Damage    Failure   Level
a - Beastly Appendage     Tmut           36%        N/A       2%          1
b - Wereblood             Tmut           18%        N/A       3%          2

Your spell library contained the following spells:

 Spells                   Type           Power      Damage    Failure   Level
 Spider Form              Tmut/Pois      11%        N/A       17%         3
 Ice Form                 Ice/Tmut       11%        N/A       50%         4


Dungeon Overview and Level Annotations

Branches:
Dungeon (4/15)
 Temple: D:4-7

Altars:
Sif Muna
Vehumet
Xom
Zin


Innate Abilities, Weirdness & Mutations

You have temporarily grown beastly horns and talons.
You are too large for most types of armour.
You have tough skin. (AC +1)
You are agile. (Dex +4, Str/Int -1)


Message History

You feel drained. Ijyb hits you with a +0 club.
* * * LOW HITPOINT WARNING * * *
You hit Ijyb. You claw Ijyb, but do no damage.
Ijyb is almost dead.
The necrophage hits you.
* * * LOW HITPOINT WARNING * * *
Ijyb barely misses you.
You hit Ijyb but do no damage.
Ijyb is almost dead.
The necrophage hits you.
* * * LOW HITPOINT WARNING * * *
You feel drained.
* * * LOW HITPOINT WARNING * * *
Ijyb barely misses you.
You barely miss Ijyb. You claw Ijyb, but do no damage.
Ijyb is almost dead.
Your primal bloodlust has ended.
The necrophage closely misses you.
Ijyb screams, "No!
No, no, no, no!"
Ijyb closely misses you.
You barely miss Ijyb. You claw Ijyb.
You kill Ijyb!
The necrophage hits you.
* * * LOW HITPOINT WARNING * * *
You feel drained.
* * * LOW HITPOINT WARNING * * *
Unknown command.
You hit the necrophage. Your headbutt misses the necrophage.
The necrophage is lightly damaged.
You hit the necrophage. You claw the necrophage.
Your headbutt misses the necrophage.
The necrophage is moderately damaged.
The necrophage closely misses you.
You hit the necrophage.
The necrophage is moderately damaged.
The necrophage hits you but does no damage.
You hit the necrophage. You claw the necrophage. You headbutt the necrophage.
The necrophage is severely damaged.
The necrophage hits you.
You die...

######... .. ####...#....
..##.#.........
..............# .
...............
..##.......<....#
..........# ....##
#.....:@..# ......
#...)..n).##......
##....#...#.......
..............#
...!.....#...##
.........#.)..# .....#
.............##
......#...............##
.....##..#####.........##
.


You could see a necrophage.

Vanquished Creatures
  Pikel (D:4)
  Grinder (D:3)
  2 lemures (D:4)
  Ijyb (D:4)
  An orc wizard (D:4)
  4 gnolls (D:4)
  A worm (D:3)
  3 dart slugs
  4 orcs
  7 endoplasms
  4 giant cockroaches
  7 goblins
  4 hobgoblins
  4 jackals (D:1)
  A quokka (D:3)
  5 ball pythons
  4 bats
  2 frilled lizards (D:1)
  3 kobolds
  4 rats
  2 toadstools (D:1)
65 creatures vanquished.

Vanquished Creatures (others)
  2 toadstools (D:1)
2 creatures vanquished.

Grand Total: 67 creatures vanquished

Notes
Turn   | Place    | Note
-------+----------+-------------------------------------------
     0 | D:1      | oldriver the Ogre Transmuter began the quest for the Orb.
     0 | D:1      | Reached XP level 1. HP: 19/19 MP: 3/3
   268 | D:1      | Reached XP level 2. HP: 25/28 MP: 3/5
   357 | D:1      | Reached skill level 2 in Fighting
   425 | D:1      | Reached XP level 3. HP: 16/36 MP: 5/7
   527 | D:1      | Found a faded altar of an unknown god.
   858 | D:2      | Learned a level 2 spell: Wereblood
  1316 | D:3      | Noticed Grinder
  1326 | D:3      | Gained mutation: Your body sometimes deteriorates upon
                  | taking damage. [potion of mutation]
  1326 | D:3      | Lost mutation: Your body sometimes deteriorates upon taking
                  | damage. [potion of mutation]
  1326 | D:3      | Gained mutation: You are agile. (Dex +4, Str/Int -1)
                  | [potion of mutation]
  1335 | D:3      | Killed Grinder
  1336 | D:3      | Reached skill level 4 in Fighting
  1336 | D:3      | Reached XP level 4. HP: 23/49 MP: 5/10
  1336 | D:3      | Reached XP level 5. HP: 26/55 MP: 5/11
  1336 | D:3      | Reached XP level 6. HP: 30/63 MP: 5/12
  1928 | D:4      | Found a shimmering altar of Xom.
  1930 | D:4      | Found a glowing silver altar of Zin.
  1930 | D:4      | Found a shimmering blue altar of Sif Muna.
  1935 | D:4      | Found a radiant altar of Vehumet.
  1948 | D:4      | Noticed Pikel
  1982 | D:4      | HP: 4/94 [Pikel/+2 whip of flaming (2)]
  1988 | D:4      | HP: 4/94 [Pikel/+2 whip of flaming (3)]
  1990 | D:4      | Killed Pikel
  1991 | D:4      | Reached skill level 6 in Fighting
  1991 | D:4      | Reached skill level 5 in Spellcasting
  1991 | D:4      | Reached XP level 7. HP: 3/75 MP: 12/15
  2462 | D:4      | Noticed Ijyb
  2493 | D:4      | Killed Ijyb
  2493 | D:4      | HP: 2/66 [necrophage (2)]
  2497 | D:4      | Slain by a necrophage

Illustrated notes

Levels and vault maps discovered:
D:1:      ldierk_water_garden, layout_basic, dreamdust_ecumenical_altar_statues
D:2:      minmay_general_purpose_star, layout_basic, nrook_uturn,
          serial_bayou_lagoon_b
D:3:      minmay_evil_eye, layout_basic, uniq_grinder
D:4:      layout_cave_pools, mainiacjoe_overflow_cross_hatched, minitemple,
          minmay_goblin_outpost, uniq_crazy_yiuf_cottage, uniq_pikel, uniq_ijyb

Skill      XL: |  1  2  3  4  5  6 |
---------------+-------------------+-----
Transmutations | 2 3 4 |  4.7
Fighting       | 2 4 6 |  6.4
Dodging        | 2 |  2.0
Spellcasting   | 4 5 |  5.7
Unarmed Combat | 3 |  3.0

Action                   |  1- 3 |  4- 6 |  7- 9 || total
-------------------------+-------+-------+-------++-------
Melee: Unarmed           |   113 |    42 |    69 ||   224
       Kick              |    16 |     3 |    18 ||    37
       Headbutt          |    15 |     4 |    11 ||    30
       Punch             |     2 |     2 |     1 ||     5
 Cast: Beastly Appendage |    18 |     4 |     8 ||    30
       Wereblood         |     3 |     2 |     6 ||    11
  Use: Potion            |     5 |     2 |       ||     7
Armor: Robe              |    65 |     5 |    15 ||    85
       Skin              |       |    38 |     1 ||    39
Dodge: Dodged            |    66 |    14 |    47 ||   127

Table legend: (Time is in decaauts)
 A = Elapsed time spent in this place.
 B = Non-inter-level travel time spent in this place.
 C = Inter-level travel time spent in this place.
 D = Time resting spent in this place.
 E = Time spent auto-exploring this place.
 F = Levels seen in this place.
 G = Mean time per level.
                   A        B        C        D        E       F      G
               +--------+--------+--------+--------+--------+-----+--------+
         Total |   2465 |   2415 |     50 |    499 |   1396 |   4 |  616.2 |
       Dungeon |   2465 |   2415 |     50 |    499 |   1396 |   4 |  616.2 |
               +--------+--------+--------+--------+--------+-----+--------+

Top non-repeatable levels by time:
     D:3: 944 daAuts
     D:1: 783 daAuts
     D:4: 645 daAuts
     D:2: 92 daAuts
